Construct Section Command Post
Selects Indian Artillery Battlegroup
Construct Field Infirmary
Selects Towed ML 4.2-inch Heavy Mortar
Towed ML 4.2-inch Heavy Mortar
Construct Platoon Command Post
Selects Off-map Airburst Barrage
Unlock M3 Stuart Light Tanks
Selects Perimeter Monitor
Selects Gurkha Rifles Section
Construct Company Command Post
Selects Volunteer Infantry
Towed ML 4.2-inch Heavy Mortar
Unlock M3 Grant Medium Tanks